Map: Ruins of Seras

Players

lesha - Winner!

  • Race: Terran Terran

A.I. 1 (Harder)

  • Race: Terran Terran

VOD

Have the link to the VOD?

Description

Time

  • Played on: Dec. 2, 2015, 12:18 p.m.
  • Length: 25:28
Show
View Real Time Build Order
Export as new Build Order

lesha Terran - Winner!

Build Orders:  

Get SALT Encoding   

  12  0:01  SCV  
  13  0:14  SCV  
  13  0:18  Supply Depot  
  14  0:26  SCV  
  15  0:40  SCV  
  16  0:50  Barracks  
  16  0:52  SCV  
  17  1:04  SCV  
  17  1:08  Refinery  
  17  1:10  Refinery  
  18  1:16  SCV  
  19  1:28  SCV  
  20  1:37  Command Center  
  20  1:48  Orbital Command  
  20  2:00  Marine  
  21  2:17  SCV  
  22  2:35  Factory  
  22  2:38  SCV  
  23  2:49  Supply Depot  
  23  2:50  SCV  
  24  2:52  Marine  
  25  3:04  SCV  
  26  3:06  Orbital Command  
  25  3:16  SCV  
  26  3:20  Starport  
  26  3:30  Starport  
  26  3:31  SCV x2  
  28  3:43  SCV x2  
  32  3:55  SCV x2  
  32  3:59  Supply Depot, Factory Tech Lab  
  32  4:02  Supply Depot  
  32  4:03  Starport Tech Lab  
  32  4:10  SCV x2, Refinery  
  32  4:14  Starport Tech Lab  
  32  4:16  Barracks Tech Lab  
  34  4:22  SCV x2, Refinery  
  36  4:38  Armory, Cloaking Field  
  36  4:41  Banshee  
  36  4:42  Banshee  
  42  5:01  Barracks  
  42  5:02  Barracks  
  42  5:11  Barracks  
  42  5:12  SCV  
  42  5:13  SCV  
  44  5:24  SCV  
  44  5:25  SCV  
  44  5:26  Command Center  
  46  5:30  Banshee x2  
  52  5:37  SCV  
  53  6:06  SCV  
  53  6:07  SCV  
  53  6:08  Barracks  
  55  6:15  Banshee x2  
  61  6:19  SCV  
  62  6:37  SCV  
  63  6:54  Orbital Command  
  63  6:57  Banshee  
  63  6:58  Banshee  
  69  7:20  Factory  
  69  7:22  Factory  
  69  7:23  Factory  
  69  7:25  Factory  
  69  7:28  Barracks Reactor x3  
  69  7:36  Barracks Tech Lab  
  69  7:40  Banshee x2  
  75  7:47  SCV x2  
  77  8:02  Supply Depot  
  77  8:04  Supply Depot  
  77  8:05  Supply Depot  
  77  8:06  Supply Depot  
  77  8:07  Supply Depot x2  
  77  8:08  Supply Depot  
  77  8:10  Refinery  
  77  8:24  Banshee x2, SCV x2  
  77  8:25  SCV  
  86  8:30  Supply Depot  
  86  8:36  SCV x2  
  86  8:37  Refinery  
  86  8:38  SCV  
  89  8:41  Factory Tech Lab  
  91  8:48  SCV x2  
  91  8:50  SCV, Thor  
  91  8:51  Factory Tech Lab  
  98  8:59  Factory Tech Lab  
  98  9:06  Banshee x2  
  104  9:33  Thor  
  101  9:49  Viking x2  
  99  10:15  Command Center  
  99  10:19  Viking  
  101  10:25  Supply Depot  
  101  10:26  Supply Depot  
  101  10:29  Supply Depot  
  101  10:30  Supply Depot  
  101  10:31  Supply Depot  
  95  10:42  Terran Vehicle Weapons Level 1  
  92  10:55  Fusion Core  
  92  11:12  Starport x2  
  92  11:15  Marine x3  
  92  11:16  Marine  
  92  11:17  Marauder  
  92  11:18  Marauder  
  100  11:19  Marine x2  
  102  11:33  Marine x3  
  102  11:34  Command Center, Marine  
  106  11:52  Barracks x2  
  106  11:53  Orbital Command  
  106  11:54  Barracks  
  106  11:57  Barracks  
  106  12:07  SCV  
  107  12:09  SCV  
  107  12:11  SCV  
  109  12:17  Marine x5  
  109  12:18  Marine x3  
  109  12:19  SCV  
  109  12:21  SCV  
  119  12:24  SCV  
  119  12:26  Thor x3  
  119  12:27  Thor  
  144  12:31  SCV  
  144  12:35  Marine x6  
  144  12:36  Terran Vehicle And Ship Armor Level 1, Marine x2  
  153  12:52  Marine  
  153  12:53  Marine  
  155  13:01  Refinery  
  155  13:05  Refinery  
  155  13:09  Thor x4, Refinery, Orbital Command  
  179  13:28  Engineering Bay  
  179  13:35  Refinery  
  179  13:38  Barracks Reactor x4  
  179  13:43  Stimpack  
  179  14:00  Terran Infantry Weapons Level 1  
  179  14:30  Terran Ship Weapons Level 1  
  172  15:11  Marine x7  
  172  15:12  Marine x6  
  172  15:13  Marine x3  
  177  15:17  Medivac  
  177  15:18  Medivac  
  158  15:26  Command Center  
  158  15:28  Marine  
  158  15:29  Marine x7  
  158  15:30  Marine x6  
  158  15:31  Marine x2  
  158  15:34  Command Center  
  174  15:44  Combat Shields  
  174  15:47  Medivac  
  174  15:48  Medivac  
  174  15:49  Medivac  
  180  16:01  Command Center, Supply Depot x2  
  180  16:03  Supply Depot  
  180  16:22  Supply Depot, Medivac x2  
  186  16:30  Terran Vehicle Weapons Level 2  
  186  16:33  Terran Infantry Weapons Level 2  
  186  16:35  Supply Depot  
  186  16:44  Starport Reactor  
  186  16:48  Starport Reactor  
  186  16:52  Medivac  
  186  16:55  Marine x2  
  186  16:56  Marine x6  
  186  16:57  Marine x6  
  186  16:58  Supply Depot  
  200  17:03  Concussive Shells  
  200  17:23  Orbital Command  
  200  17:25  Orbital Command  
  200  17:39  Marine  
  200  17:40  Command Center, Marine x2  
  176  18:37  Command Center  
  176  18:39  Command Center  
  176  18:41  Command Center  
  153  19:06  Marine x2  
  153  19:07  Marine  
  148  19:38  Barracks  
  148  19:42  Barracks  
  148  19:43  Barracks  
  147  19:46  Barracks  
  147  19:48  Barracks  
  147  19:50  Barracks  
  147  20:06  SCV  
  148  20:18  SCV  
  149  20:30  SCV  
  150  20:39  Barracks  
  150  20:41  Barracks  
  150  20:42  SCV  
  151  20:45  Barracks  
  151  20:46  Barracks  
  151  20:50  Barracks  
  151  20:51  Barracks  
  151  20:59  Barracks Reactor  
  151  21:00  Barracks Reactor  
  151  21:01  Barracks Reactor  
  151  21:02  Barracks Reactor  
  151  21:04  Barracks Reactor  
  151  21:05  Barracks Reactor  
  150  21:12  Supply Depot x2  
  150  21:13  Supply Depot x3  
  150  21:14  Supply Depot  
  150  21:15  Supply Depot  
  150  21:36  SCV  
  150  21:38  Barracks Reactor x4  
  150  21:39  Barracks Reactor x2  
  150  21:40  Marine x5  
  150  21:41  Marine x6  
  161  21:54  Factory  
  161  22:03  Marine  
  161  22:21  Supply Depot  
  161  22:22  Supply Depot  
  161  22:26  Supply Depot  
  161  22:27  Orbital Command  
  161  22:28  Supply Depot, Marine  
  161  22:29  Orbital Command  
  161  22:31  Marine  
  161  22:32  Marine x2  
  161  22:33  Marine  
  156  22:43  Marine x6  
  162  22:48  Marine x2  
  163  23:07  Marine x7  
  163  23:08  Marine x6  
  163  23:09  Marine x2  
  178  23:32  Starport  
  178  23:33  Starport  
  178  24:17  Marine  
  178  24:18  Marine x3  
  178  24:19  Marine x5  
  178  24:20  Marine  
  173  24:25  Marine x3  
  173  24:26  Marine x2  
  178  25:05  Marine x2  
  178  25:06  Marine x2  
  178  25:07  Marine  
  178  25:08  Marine  
  178  25:10  Starport Reactor, Marine x2  
  178  25:11  Starport Reactor  
Show
View Real Time Build Order
Export as new Build Order

A.I. 1 (Harder) Terran 

Build Orders: MMM Bio 

Get SALT Encoding   

  12  0:00  SCV  
  13  0:13  SCV  
  14  0:20  Supply Depot  
  14  0:25  SCV  
  15  0:42  SCV  
  16  0:43  Barracks  
  16  0:50  Refinery  
  16  0:54  SCV  
  17  1:06  SCV  
  18  1:18  SCV  
  19  1:21  Supply Depot  
  19  1:30  SCV, Marine  
  21  1:42  Barracks  
  21  1:43  Orbital Command  
  21  1:50  Barracks Tech Lab, Refinery  
  21  2:08  Marine  
  22  2:13  Supply Depot  
  22  2:26  Marauder  
  22  2:28  Marine  
  25  2:46  Marine  
  25  2:48  Supply Depot  
  25  2:49  Marine  
  27  3:04  Marine  
  28  3:07  Marauder  
  30  3:19  Supply Depot  
  30  3:22  Marine  
  31  3:28  SCV, Marauder  
  34  3:39  Engineering Bay  
  34  3:40  SCV, Marine  
  36  3:50  Marauder  
  36  3:52  SCV  
  39  4:04  SCV  
  40  4:11  Marauder  
  40  4:16  SCV  
  43  4:20  Supply Depot  
  43  4:28  SCV  
  44  4:32  Marauder  
  46  4:54  Marauder  
  48  5:15  Marauder  
  50  5:58  Barracks Tech Lab  
  50  5:59  Terran Infantry Weapons Level 1, Stimpack, Marine  
  50  6:01  Factory  
  50  6:03  Factory  
  51  6:05  Supply Depot  
  51  6:06  Command Center  
  51  6:16  Combat Shields  
  51  6:17  Marine  
  52  6:18  Marine  
  53  6:34  Marine  
  53  6:39  Missile Turret  
  54  6:40  Missile Turret, Marine  
  54  6:44  Factory Tech Lab  
  45  6:47  Starport  
  45  6:50  Factory Tech Lab, Starport  
  45  6:52  Marine  
  44  6:58  Marine  
  37  7:02  Siege Tank  
  40  7:10  Marine  
  41  7:16  Marauder  
  43  7:25  SCV x2  
  43  7:28  Marauder, Refinery, Starport Tech Lab x2  
  47  7:30  Siege Tank  
  47  7:34  Concussive Shells  
  51  7:37  SCV, Siege Tank  
  51  7:39  SCV  
  55  7:44  Marine  
  55  7:49  SCV  
  56  7:51  SCV, Marine  
  56  7:53  Terran Infantry Armor Level 1  
  58  8:01  SCV, Raven  
  58  8:02  Cyclone  
  58  8:05  SCV  
  65  8:06  Marine  
  66  8:13  SCV, Marine  
  66  8:17  SCV  
  66  8:19  Raven  
  71  8:24  Bunker  
  71  8:25  SCV  
  72  8:29  SCV  
  72  8:31  Missile Turret  
  73  8:37  SCV  
  73  8:38  Missile Turret  
  73  8:41  SCV  
  75  8:49  SCV  
  75  8:52  Sensor Tower  
  75  8:53  SCV  
  75  8:54  Supply Depot  
  77  9:01  SCV  
  78  9:03  Bunker  
  78  9:12  Armory  
  78  9:19  Barracks  
  78  9:35  Marine  
  78  9:36  SCV x2  
  74  9:43  Marine  
  54  9:53  Marine  
  54  9:57  Cyclone  
  47  10:04  Marine  
  43  10:07  Barracks Reactor  
  43  10:11  Marine  
  40  10:15  SCV  
  40  10:18  SCV  
  36  10:22  Marine  
  36  10:27  SCV  
  33  10:29  Marine  
  33  10:33  SCV  
  35  10:40  Marine  
  36  10:44  Marine  
  36  10:47  Marine  
  38  10:58  Marauder  
  40  11:05  Marauder  
  42  11:12  Command Center  
  42  11:13  SCV  
  42  11:17  SCV  
  44  11:25  SCV  
  45  11:29  SCV  
  46  11:37  SCV  
  47  11:41  SCV, Factory  
  48  11:53  Starport  
  48  11:55  Marine  
  48  12:01  Marauder  
  51  12:11  Medivac  
  51  12:14  Marauder  
  55  12:16  Medivac  
  57  12:25  Factory Tech Lab  
  57  12:29  Starport Reactor  
  57  12:31  Marine  
  57  12:34  Marine  
  59  12:38  Marine  
  59  12:41  Raven, Marine  
  63  12:46  Medivac  
  63  12:49  Marine  
  66  12:52  Marine  
  66  12:55  Marine  
  68  12:58  Marine  
  69  13:08  Marauder  
  71  13:14  Marauder  
  73  13:21  Ghost Academy  
  74  13:27  SCV  
  74  13:29  SCV, Marauder  
  74  13:31  SCV  
  78  13:35  Marauder  
  78  13:39  SCV  
  78  13:41  SCV  
  82  13:43  SCV  
  82  13:46  Marine x2  
  85  13:50  Marine  
  85  13:51  SCV  
  87  13:56  Marine  
  88  14:03  Marine x2  
  88  14:07  Supply Depot  
  88  14:08  Marine  
  91  14:14  Ghost  
  93  14:21  Marine x2  
  93  14:23  SCV  
  96  14:24  SCV  
  96  14:25  Marine  
  96  14:26  SCV  
  99  14:32  Supply Depot  
  99  14:35  SCV  
  99  14:36  Terran Infantry Weapons Level 2  
  99  14:38  SCV  
  101  14:39  Marine x2  
  101  14:40  SCV  
  101  14:43  Marine, Marauder  
  101  14:45  Command Center  
  107  14:47  SCV  
  108  14:55  SCV  
  109  15:00  SCV  
  109  15:01  Supply Depot, SCV  
  109  15:02  Marauder  
  109  15:03  Ghost  
  115  15:07  SCV  
  115  15:11  Marine x2  
  115  15:12  SCV  
  107  15:14  Medivac  
  107  15:18  Raven  
  81  15:22  Marine  
  81  15:27  Medivac  
  82  15:29  Medivac  
  82  15:32  Marine  
  82  15:33  Marauder  
  82  15:34  Marine  
  88  15:40  Marine  
  89  15:44  Raven  
  89  15:45  Refinery  
  91  15:50  Marine  
  91  15:52  Marine  
  91  15:53  Refinery  
  91  15:54  Marine  
  94  15:57  Refinery  
  94  15:58  Marine  
  94  16:01  Raven  
  97  16:08  Marine  
  97  16:09  Marine  
  99  16:11  Refinery, Marine  
  99  16:14  Refinery  
  99  16:16  SCV, Marauder  
  99  16:17  SCV  
  104  16:19  SCV  
  104  16:20  SCV  
  106  16:26  Marine  
  106  16:27  Marine  
  106  16:28  SCV  
  106  16:29  SCV, Marine  
  106  16:31  SCV  
  113  16:32  SCV  
  113  16:33  Terran Vehicle Weapons Level 1  
  113  16:38  Marauder  
  115  16:40  SCV  
  115  16:41  SCV  
  115  16:43  SCV  
  115  16:45  SCV  
  119  16:48  Marauder  
  119  16:52  SCV, Terran Infantry Armor Level 2  
  121  16:57  Siege Tank  
  121  16:59  Marauder  
  121  17:01  Viking  
  128  17:09  Siege Tank, Marauder  
  128  17:15  Supply Depot  
  133  17:17  Siege Tank  
  136  17:29  Cyclone  
  139  17:41  Thor  
  139  17:42  Supply Depot  
  139  17:43  Viking  
  142  17:49  Banshee  
  145  17:56  Siege Tank  
  148  18:03  Hellion  
  132  18:08  SCV x2  
  132  18:09  SCV  
  132  18:12  Supply Depot  
  126  18:23  Viking  
  126  18:24  Hellion, Siege Tank  
  127  18:29  SCV, Hellion  
  127  18:32  Viking  
  110  18:47  Command Center  
  91  18:50  Hellion  
  81  18:59  Refinery  
  78  19:16  Command Center  
  73  19:18  Supply Depot  
  73  19:19  Supply Depot  
  71  19:24  Refinery  
  71  19:27  Supply Depot  
  63  19:31  Supply Depot  
  63  19:43  Refinery  
  63  19:45  Barracks  
  63  19:48  Supply Depot  
  59  20:17  Command Center  
  59  20:45  Factory  
  59  21:25  Command Center  
  58  21:41  SCV  
  58  21:45  Starport  
  59  21:47  SCV  
  60  21:54  SCV  
  61  22:41  Command Center  
  61  22:47  SCV  
  62  22:52  SCV  
  63  23:08  Factory Tech Lab  
  63  23:26  Viking  
  65  23:29  Siege Tank  
  65  23:30  SCV  
  65  23:33  SCV  
  69  23:38  SCV  
  70  23:43  SCV  
  70  23:47  SCV  
  72  23:55  SCV  
  53  24:47  Command Center  
Tags
 
Composition
MMM Bio
Matchup
TvT
Race
Terran
Add a new tag
Caveats
  • Supply blocks, unpowered buildings, or Contaminate may cause inaccurate times.
  • Supply counts are checked every 10 seconds.